Map: Crimson Court LE

Players

LiquidClem (Clem) - Winner!

  • Race: Terran Terran
  • League: Grandmaster
  • Spawn Location: 1:00

Lambo

  • Race: Zerg Zerg
  • League: Grandmaster
  • Spawn Location: 7:00

VOD

Have the link to the VOD?

Description

Time

  • Played on: June 11, 2024, 11:30 a.m.
  • Length: 11:42
Show
View Real Time Build Order
Export as new Build Order

LiquidClem Terran - Winner!

Build Orders: Reaper Expand 

Get SALT Encoding   

  12  0:00  SCV  
  13  0:12  SCV  
  14  0:16  Supply Depot  
  14  0:24  SCV  
  15  0:38  SCV  
  15  0:40  Barracks  
  15  0:42  Refinery  
  16  0:50  SCV  
  17  1:02  SCV  
  18  1:14  SCV  
  19  1:27  Orbital Command, Reaper  
  20  1:38  Command Center  
  20  1:45  Supply Depot  
  20  1:52  SCV  
  21  1:59  Marine  
  22  2:04  SCV  
  23  2:09  Factory  
  23  2:16  SCV  
  23  2:18  Barracks Reactor  
  24  2:29  SCV  
  25  2:36  Command Center  
  25  2:41  SCV  
  26  2:49  Orbital Command  
  26  2:53  SCV  
  26  2:57  Starport  
  27  3:03  Hellion  
  27  3:05  SCV  
  30  3:09  Hellion  
  30  3:12  Marine  
  33  3:15  Refinery  
  33  3:17  SCV  
  33  3:19  SCV  
  35  3:25  Hellion  
  37  3:30  SCV  
  37  3:31  SCV, Hellion  
  41  3:35  Medivac  
  43  3:41  Barracks Tech Lab  
  43  3:42  SCV  
  43  3:43  SCV  
  43  3:48  Supply Depot  
  45  3:49  Orbital Command  
  45  3:54  SCV  
  46  3:56  SCV  
  46  4:01  Barracks  
  47  4:03  Factory Tech Lab  
  47  4:07  SCV, Barracks  
  47  4:09  SCV  
  49  4:12  Stimpack  
  49  4:14  Starport Reactor  
  49  4:16  SCV  
  50  4:19  Refinery  
  50  4:20  SCV  
  50  4:21  SCV  
  52  4:25  Marine  
  52  4:26  Refinery  
  52  4:28  SCV  
  54  4:32  SCV  
  54  4:33  Engineering Bay  
  54  4:34  SCV  
  56  4:41  SCV  
  56  4:43  Marine  
  56  4:45  SCV  
  57  4:46  Engineering Bay  
  57  4:49  Supply Depot  
  57  4:54  Orbital Command  
  57  4:55  Marine x2  
  57  4:58  SCV  
  57  4:59  Terran Infantry Weapons Level 1  
  60  5:01  SCV, Marine  
  60  5:02  Marine x2  
  60  5:03  Supply Depot, Starport Reactor  
  60  5:06  Siege Tank  
  67  5:10  SCV  
  68  5:14  Barracks  
  68  5:15  SCV, Barracks  
  68  5:17  Supply Depot  
  68  5:19  SCV  
  68  5:20  Marine  
  68  5:21  Marine x2  
  73  5:23  SCV  
  73  5:24  Marine  
  76  5:29  SCV, Terran Infantry Armor Level 1  
  76  5:32  SCV  
  78  5:37  SCV  
  78  5:38  Supply Depot, Marine  
  78  5:40  Medivac  
  78  5:41  SCV  
  78  5:42  Medivac  
  84  5:44  Supply Depot  
  84  5:45  SCV  
  84  5:46  Marine  
  84  5:47  Marine  
  87  5:50  Siege Tank  
  87  5:52  SCV  
  87  5:54  SCV  
  87  5:55  Marine  
  93  6:00  SCV, Supply Depot, Combat Shield  
  93  6:01  Marine  
  96  6:04  SCV  
  96  6:07  Barracks Reactor  
  96  6:08  Marine  
  96  6:09  Marine  
  96  6:10  SCV  
  99  6:11  Supply Depot  
  99  6:12  SCV, Barracks Reactor  
  99  6:14  Marine  
  99  6:16  SCV  
  99  6:17  Refinery  
  102  6:19  Armory  
  102  6:21  Refinery  
  102  6:22  SCV, Marine  
  104  6:27  Supply Depot  
  104  6:29  SCV  
  108  6:32  Siege Tank  
  108  6:33  Marine x2  
  108  6:34  Supply Depot, Marine  
  108  6:37  SCV, Marine  
  108  6:39  SCV  
  114  6:45  Supply Depot, Factory  
  114  6:46  Marine  
  115  6:51  Marine x4  
  115  6:52  Marine x3  
  120  6:55  Marine  
  117  7:01  Medivac x2  
  117  7:04  Marine  
  120  7:09  Marine  
  120  7:10  Siege Tank  
  120  7:11  Command Center  
  120  7:13  Terran Vehicle Weapons Level 1, Marine  
  125  7:18  Marine  
  125  7:20  Supply Depot, Marine x4  
  131  7:25  Terran Infantry Weapons Level 2  
  131  7:26  Marine  
  131  7:27  Marine  
  129  7:31  Marine  
  129  7:33  Terran Infantry Armor Level 2  
  129  7:36  Supply Depot, Marine  
  130  7:38  Marine x2  
  130  7:42  Marine x3  
  130  7:43  Supply Depot, Siege Tank  
  138  7:44  Marine x2  
  138  7:49  Marine  
  140  7:54  Marine  
  140  7:56  Marine x2  
  128  7:59  Marine  
  128  8:00  Marine  
  128  8:03  Factory Tech Lab  
  130  8:05  Marine  
  130  8:06  Marine  
  130  8:10  Barracks  
  130  8:11  Barracks  
  130  8:12  Marine  
  124  8:13  Marine  
  124  8:14  Medivac  
  124  8:15  Siege Tank  
  124  8:16  Marine  
  124  8:17  Marine x2  
  120  8:20  Marine x2  
  120  8:24  Medivac, Marine  
  120  8:25  Siege Tank  
  118  8:27  Marine  
  118  8:30  Marine x2  
  118  8:34  Marine  
  111  8:36  Marine x2  
  111  8:38  Barracks  
  111  8:41  SCV  
  114  8:42  SCV x2, Ghost Academy  
  114  8:43  Marine  
  114  8:44  Marine  
  114  8:47  Siege Tank  
  121  8:52  Planetary Fortress  
  121  8:53  SCV  
  121  8:54  SCV x2, Marine  
  121  8:55  Marine  
  125  8:56  Marine  
  125  8:57  Siege Tank  
  125  9:02  Marine, Marauder  
  133  9:04  Marine x2  
  133  9:05  SCV, Barracks Tech Lab x2  
  133  9:06  SCV x2  
  133  9:08  Marine  
  133  9:09  Marine  
  140  9:12  Terran Vehicle Weapons Level 2  
  140  9:14  Marine  
  140  9:16  Unknown  
  140  9:17  SCV, Sensor Tower  
  140  9:18  SCV x2  
  140  9:19  Marine x2  
  140  9:24  Siege Tank, Marauder, Marine  
  147  9:25  Marine x3  
  147  9:29  SCV, Supply Depot  
  147  9:30  SCV x2  
  157  9:32  SCV  
  157  9:34  Marine  
  157  9:36  Siege Tank  
  160  9:41  SCV, Command Center  
  160  9:42  Marauder  
  163  9:45  Marine  
  163  9:49  Marauder x2, Barracks Tech Lab  
  168  9:57  Viking x2  
  168  9:58  Marine x2  
  172  10:03  Marauder  
  172  10:04  Supply Depot, Missile Turret  
  172  10:05  Marine  
  175  10:07  Siege Tank  
  175  10:10  Marauder x2  
  175  10:13  Marine  
  177  10:17  Marine x3  
  177  10:20  Command Center  
  180  10:21  Siege Tank  
  186  10:39  Viking  
  186  10:40  Ghost  
  186  10:41  Viking  
  181  10:43  Ghost  
  180  10:51  Ghost  
  180  10:52  Marine x3  
  180  10:53  Marine  
  180  10:57  Ghost  
  172  10:59  Marine  
  172  11:00  Marine  
  172  11:01  Marine  
  172  11:02  Marine  
  169  11:18  Marine x2  
  172  11:19  Marine x2  
Show
View Real Time Build Order
Export as new Build Order

Lambo Zerg 

Build Orders: Hatch First 

Get SALT Encoding   

  12  0:00  Drone  
  13  0:08  Drone  
  14  0:16  Extractor, Drone  
  15  0:36  Hatchery  
  15  0:42  Extractor, Drone  
  15  0:50  Overlord  
  15  1:03  Spawning Pool  
  14  1:08  Drone  
  14  1:10  Drone  
  16  1:13  Drone  
  17  1:19  Drone  
  18  1:29  Drone  
  19  1:40  Drone  
  20  1:49  Queen  
  20  1:50  Queen  
  20  1:52  Drone x2  
  26  2:02  Drone  
  27  2:09  Hatchery  
  27  2:14  Overlord  
  26  2:17  Drone  
  26  2:19  Drone  
  28  2:28  Spore Crawler  
  27  2:32  Queen  
  27  2:34  Drone x2  
  32  2:37  Overlord  
  32  2:48  Queen  
  32  2:49  Drone x2  
  36  2:51  Extractor  
  36  2:55  Drone  
  36  2:57  Drone x2  
  38  3:04  Drone x4  
  42  3:11  Queen  
  44  3:14  Overlord  
  44  3:23  Roach Warren, Drone  
  44  3:24  Drone  
  45  3:34  Drone x5  
  50  3:41  Drone  
  50  3:43  Drone x4  
  54  3:50  Drone x2  
  54  3:52  Overlord  
  56  3:57  Drone x2  
  56  3:58  Overlord  
  58  4:04  Overlord  
  58  4:10  Queen  
  58  4:11  Overlord  
  58  4:13  Drone x4  
  58  4:14  Extractor  
  58  4:15  Roach  
  65  4:17  Roach  
  65  4:19  Roach  
  65  4:21  Overlord  
  65  4:22  Roach  
  71  4:24  Drone  
  71  4:28  Evolution Chamber  
  71  4:29  Roach x2  
  75  4:33  Drone x3  
  75  4:35  Extractor  
  75  4:36  Extractor  
  76  4:44  Drone x6  
  76  4:47  Drone  
  76  4:50  Drone  
  78  4:54  Drone  
  78  4:56  Drone  
  78  4:58  Lair  
  80  5:01  Drone  
  80  5:04  Drone x4  
  80  5:05  Drone x2  
  80  5:06  Drone  
  88  5:09  Evolution Chamber  
  88  5:10  Extractor  
  88  5:12  Extractor  
  88  5:13  Drone x3  
  88  5:20  Drone  
  89  5:28  Drone x2  
  91  5:31  Hatchery  
  90  5:36  Roach x2  
  90  5:37  Overlord  
  90  5:39  Zerg Ground Armor Level 1, Zerg Missile Weapons Level 1  
  94  5:44  Metabolic Boost  
  94  5:47  Roach x2  
  94  5:48  Overlord  
  98  5:52  Overlord  
  98  5:53  Overlord x2  
  98  5:57  Overlord  
  98  5:58  Overlord  
  98  6:01  Overlord x2  
  98  6:03  Glial Reconstitution  
  98  6:05  Drone  
  98  6:08  Infestation Pit, Drone x3  
  98  6:10  Roach  
  103  6:20  Roach  
  103  6:21  Roach x2  
  103  6:23  Ravager x3  
  103  6:24  Unknown, Drone x5  
  116  6:27  Zergling x8  
  120  6:36  Zergling x10  
  125  6:41  Roach x2, Spire  
  128  6:54  Roach x2  
  132  6:57  Drone x2  
  132  6:58  Drone x4  
  132  7:00  Spore Crawler  
  131  7:02  Zergling x8  
  131  7:03  Hive  
  131  7:07  Zergling x12  
  140  7:18  Roach x4  
  140  7:20  Ravager x2  
  140  7:21  Overlord  
  140  7:22  Roach  
  152  7:24  Overlord  
  152  7:25  Overlord  
  148  7:30  Overlord  
  148  7:33  Roach  
  150  7:37  Overlord  
  150  7:39  Overseer  
  150  7:40  Zerg Ground Armor Level 2  
  150  7:41  Zerg Missile Weapons Level 2  
  150  7:43  Roach x5  
  160  7:46  Roach x2  
  160  7:50  Roach x4  
  170  7:55  Roach x3  
  170  7:58  Roach x2  
  159  8:00  Roach  
  159  8:04  Ravager x2  
  159  8:05  Ravager  
  164  8:06  Ravager  
  164  8:08  Roach x4  
  156  8:14  Roach x4  
  156  8:16  Roach  
  149  8:23  Roach x4  
  143  8:27  Roach x3  
  143  8:32  Roach x2  
  138  8:34  Roach  
  138  8:36  Greater Spire  
  140  8:41  Ravager  
  140  8:42  Ravager  
  140  8:43  Unknown  
  140  8:44  Zergling x14  
  140  8:46  Roach  
  150  8:51  Ravager  
  150  8:52  Zergling x12  
  157  8:56  Corruptor  
  157  8:59  Corruptor  
  161  9:02  Corruptor  
  161  9:08  Corruptor  
  163  9:14  Corruptor  
  165  9:20  Corruptor  
  165  9:22  Queen x3  
  173  9:35  Corruptor  
  175  9:44  Overlord x2  
  175  9:50  Overlord  
  175  9:52  Overlord  
  175  9:53  Overlord  
  172  10:02  Brood Lord  
  172  10:03  Brood Lord x4  
  172  10:07  Hatchery, Brood Lord  
  184  10:10  Overlord  
  182  10:15  Brood Lord  
  182  10:19  Queen x2  
  182  10:20  Queen  
  190  10:23  Roach x5  
  200  10:30  Overseer  
  200  10:33  Overlord  
  200  10:50  Overlord  
  200  10:51  Roach  
  190  10:58  Roach x9  
  198  11:09  Ravager x2  
  200  11:23  Zergling x38  
Tags
 
Add a new tag
Caveats
  • Supply blocks, unpowered buildings, or Contaminate may cause inaccurate times.
  • Supply counts are checked every 10 seconds.